 Dungeon Crawl Stone Soup version 0.28.0 (webtiles) character file.

Game seed: 16069038207253861260

70326 AmazingTV the Protected (level 14, -11/119 (129) HPs)
             Began as a Minotaur Fighter on July 18, 2022.
             Was a High Priest of Okawaru.
             Killed from afar by Asterion (47 damage)
             ... with a bolt of negative energy
             ... on level 1 of the Snake Pit on July 19, 2022.
             The game lasted 01:50:43 (28356 turns).

AmazingTV the Protected (Minotaur Fighter)         Turns: 28356, Time: 01:50:43

HP:   -11/119 (129) AC: 35    Str: 25    XL:     14   Next: 93%
MP:   16/20         EV: 14    Int:  5    God:    Okawaru [*****.]
Gold: 1287          SH: 14    Dex: 24    Spells: 13/13 levels left

rFire   . . .      SeeInvis .   a - +2 war axe (venom) {axe}
rCold   + . .      Faith    .   c - +0 buckler
rNeg    . . .      Spirit   .   y - +2 crystal plate armour {rC+} {rare=g}
rPois   +          Reflect  +   m - +1 hat {Stlth+}
rElec   .          Harm     .   l - +2 cloak {Will+}
rCorr   +          Rampage  .   J - +1 pair of gloves of the Planets {Drain rCorr Dex+7}
Will    ++...                   (no boots)
Stlth   ..........              K - amulet of reflection
HPRegen 0.29/turn               H - +6 ring of dexterity
MPRegen 0.17/turn               n - ring of poison resistance

@: about to teleport, heroic, finesse-ful, studying Polearms, drained
A: horns 2, retaliatory headbutt
a: Renounce Religion, Heroism, Finesse, Duel


You were on level 1 of the Snake Pit.
You worshipped Okawaru.
Okawaru was extremely pleased with you.
You visited 5 branches of the dungeon, and saw 22 of its levels.
You also visited: Ice Cave.

You collected 1723 gold pieces.
You spent 436 gold pieces at shops.


Innate Abilities, Weirdness & Mutations

You have a pair of horns on your head.
You reflexively headbutt those who attack you in melee.


   Skills:
 + Level 13.6(18.6) Fighting
 - Level 10.2(17.6) Axes
 - Level 11.7(18.3) Maces & Flails
 - Level 1.8(11.8) Polearms
 - Level 1.7(12.8) Staves
 - Level 8.0(13.0) Slings
 - Level 10.0(15.0) Crossbows
 + Level 13.6(18.6) Armour
 - Level 8.3(13.3) Dodging
 - Level 8.0(13.0) Shields
 + Level 10.0 Invocations


You had 13 spell levels left.
You didn't know any spells.
Your spell library contained the following spells:

 Spells                   Type           Power      Damage    Failure   Level
 Dazzling Flash           Conj/Hex       0%         N/A       100%        3
 Frozen Ramparts          Ice            0%         1d2       100%        3
 Cause Fear               Hex            0%         N/A       100%        4
 Hailstorm                Conj/Ice       0%         3d3       100%        4
 Ice Form                 Ice/Tmut       0%         N/A       100%        4
 Iskenderun's Mystic Bla  Conj/Tloc      0%         2d3       100%        4
 Starburst                Conj/Fire      0%         6d3       100%        6
 Dragon Form              Tmut           0%         N/A       100%        7
 Summon Small Mammal      Summ           Unusable   N/A       N/A         1
 Call Canine Familiar     Summ           Unusable   N/A       N/A         3
 Summon Guardian Golem    Hex/Summ       Unusable   N/A       N/A         3
 Summon Ice Beast         Ice/Summ       Unusable   N/A       N/A         4
 Simulacrum               Ice/Necr       Unusable   N/A       N/A         6
 Dragon's Call            Summ           Unusable   N/A       N/A         9

Inventory:

Hand Weapons
 a - a +2 war axe of venom (weapon) {axe}
   (You took it off an orc on level 7 of the Dungeon)
 b - the +11 hand crossbow of Tiqeud {penet, Int+4, crossbow}
   (You found it in an ice cave)

   Any ammunition fired by it passes through the targets it hits, potentially
   hitting all targets in its path until it reaches maximum range.
   Int:       It affects your intelligence (+4).
 j - the +6 trident of the Lost Eyes {speed, Int+4 Dex-5 SInv, polearm}
   (You found it on level 4 of the Lair of Beasts)

   Attacks with this weapon are significantly faster.
   Int:       It affects your intelligence (+4).
   Dex:       It affects your dexterity (-5).
   SInv:      It lets you see invisible.
 k - a +2 spectral club {mace}
   (You took it off Jessica on level 2 of the Dungeon)
 p - the +10 great mace of Abackiw {venom, Will+ Dex+2, mace}
   (Okawaru gifted it to you on level 1 of the Orcish Mines)

   It poisons the flesh of those it strikes.
   Dex:       It affects your dexterity (+2).
   Will:      It increases your willpower.
 q - a +2 mace of holy wrath {mace}
   (You found it on level 2 of the Dungeon)
 B - a +2 war axe of freezing {axe}
   (You took it off an orc knight on level 2 of the Orcish Mines)
 T - a +0 eveningstar of flaming {macerare=g}
   (Okawaru gifted it to you on level 6 of the Lair of Beasts)
Missiles
 g - 38 poisoned darts (quivered)
 o - 266 sling bullets
 s - 683 stones
 u - 180 bolts
 D - a throwing net {=f!f}
 P - 5 curare-tipped darts {=f}
Armour
 c - a +0 buckler (worn)
 h - a +2 chain mail of poison resistance
   (You took it off an orc warrior on level 2 of the Orcish Mines)
 l - a +2 cloak of willpower (worn)
   (You bought it in a shop on level 5 of the Dungeon)
 m - a +1 hat of stealth (worn)
   (You took it off Gastronok on level 3 of the Lair of Beasts)
 y - a +2 crystal plate armour of cold resistance (worn) {rare=g}
   (You found it in an ice cave)
 J - the +1 pair of gloves of the Planets (worn) {Drain rCorr Dex+7}
   (Okawaru gifted it to you on level 2 of the Lair of Beasts)

   Dex:       It affects your dexterity (+7).
   rCorr:     It protects you from acid and corrosion.
   Drain:     It drains your maximum health when unequipped.
 N - a +1 kite shield of cold resistance
   (You found it in an ice cave)
 V - a +1 cloak of cold resistance
   (You found it in an ice cave)
Jewellery
 f - a +4 ring of evasion
   (You found it on level 1 of the Dungeon)
 n - a ring of poison resistance (right hand)
   (You found it on level 2 of the Dungeon)
 H - a +6 ring of dexterity (left hand)
   (You found it on level 3 of the Lair of Beasts)
 K - an amulet of reflection (around neck)
   (You found it on level 4 of the Dungeon)
 M - a ring of flight
   (You found it on level 7 of the Dungeon)
 U - a ring of protection from cold
   (You found it on level 1 of the Snake Pit)
 W - a ring of protection from fire
   (You took it off an orc on level 9 of the Dungeon)
Wands
 t - a wand of digging (15)
   (You took it off Ijyb on level 3 of the Dungeon)
 x - a wand of acid (9)
   (You found it on level 4 of the Dungeon)
 A - a wand of paralysis (4)
   (You found it on level 5 of the Lair of Beasts)
 G - a wand of iceblast (14)
   (You found it in an ice cave)
 O - a wand of flame (44)
   (You found it on level 8 of the Dungeon)
 X - a wand of mindburst (8)
   (You took it off an orc on level 9 of the Dungeon)
Scrolls
 e - 3 scrolls of fear
 v - a scroll of blinking {!r}
 w - a scroll of brand weapon
 E - 3 scrolls of teleportation {@r4}
 F - 3 scrolls of magic mapping {!r}
 I - a scroll of enchant weapon
 Q - a scroll of vulnerability {!r!r}
 R - 3 scrolls of fog
Potions
 d - 2 potions of might
 i - 11 potions of curing {@q1}
 r - 2 potions of haste {@q3}
 z - a potion of resistance
 C - a potion of heal wounds {@q2}
 L - 3 potions of cancellation
 S - a potion of berserk rage {!q}
 Y - 5 potions of mutation {!q}
 Z - 2 potions of brilliance

Dungeon Overview and Level Annotations

Branches:
Dungeon (12/15)            Temple (1/1) D:6            Lair (6/6) D:11
  Swamp (0/4) Lair:2        Snake (1/4) Lair:2        Slime (0/5) Lair:5
    Orc (2/2) D:11            Elf (0/3) Orc:2         IceCv (visited)

Altars:
Ashenzari
Cheibriados
Dithmenos
Elyvilon
Fedhas
Gozag
Hepliaklqana
Kikubaaqudgha
Makhleb
Nemelex Xobeh
Okawaru
Qazlal
Ru
Sif Muna
Trog
Uskayaw
Vehumet
Wu Jian
Xom
Yredelemnul
Zin
The Shining One
Beogh
Jiyva

Shops:
D:5 [   D:6 ![[?   D:9 *   Orc:1 *   Orc:2 *!=*   Snake:1 [

Annotations:
Lair:6 2 runed translucent doors, Razfen's ghost, journeyman GnWn
Snake:1 Asterion

...#####..=.####..
#....####.....#........
.......
#.....#......#.......
.(......
#......)............
........ ##.................
#. ........
#................###..
#.....
##...................###...#
##.................# #...#
#####.......@...# ##ยง2#
##..........# #...#
#......H..## ##..##
##.......## ##...#
##.....#####H..##
#....2###....##
##....##...### ##...#...##
#......##


You could see Asterion (fast, very poisoned) and a balrug (summoned).


Message History

You kill the naga!
Okawaru accepts your kill.
Your pack is full.
You see here a ring of protection from cold.
You drop a ring of ice.
U - a ring of protection from cold You see here a +0 short sword {short}.
u - 183 bolts (gained 2)
You pick up a book of the Dragon and begin reading...
You add the spells Cause Fear and Dragon Form to your library.
An anaconda comes into view.
The anaconda hisses angrily.
You shoot a bolt. The bolt pierces through the anaconda!
You shoot a bolt. The bolt pierces through the anaconda!!
You shoot a bolt. The bolt barely misses the anaconda.
The anaconda grabs you. The anaconda bites you! The anaconda constricts you.
Asterion the Fallen King comes into view.
He is wielding a +5 demon trident of pain.
You block the anaconda's attack.
The anaconda constricts you. ๐Ÿ˜• HP[-14]
You take 14 damage, and now have 115/129 hp.
Your +2 war axe of venom {axe} begins to drip with poison!
a - a +2 war axe of venom (weapon)
{axe} Asterion bellows!
You miss the anaconda. You headbutt the anaconda!
You block the anaconda's attack. The anaconda constricts you.
The anaconda bites you but does no damage.
The anaconda constricts you.
Asterion prays to Makhleb.
Asterion seems to speed up. ๐Ÿ˜• HP[-4]
You take 4 damage, and now have 111/129 hp.
You barely miss the anaconda. You block the anaconda's attack.
The anaconda constricts you. The anaconda barely misses you.
You furiously retaliate!
You headbutt the anaconda!
The anaconda constricts you. ๐Ÿ˜• HP[+1]
You slash the anaconda!
You kill the anaconda!
Okawaru accepts your kill.
You gain the combat prowess of a mighty hero. ๐Ÿ˜• MP[-2]
You lost 2 mp, and now have 18/20 mp.
You can now deal lightning-fast blows.
You block Asterion's attack.
Asterion mumbles some strange prayers to Makhleb. ๐Ÿ˜• HP[+1] MP[-5]
You lost 5 mp, and now have 13/20 mp.
Asterion hits you with a +5 demon trident of pain!!
Asterion barely misses you. ๐Ÿ˜ฎ HP[-22]
You take 22 damage, and now have 91/129 hp.
Asterion blocks your attack. x2; You hit the balrug.
The balrug is poisoned.
You block Asterion's attack. Asterion gores you but does no damage.
Asterion blocks your attack.
You hit the balrug but do no damage. You slice Asterion!!
Asterion looks as sick as possible!
Asterion blocks your attack.
You barely miss the balrug. The balrug gestures at you. Makhleb smites you!
Asterion closely misses you.
Asterion gores you but does no damage. ๐Ÿ˜ฎ HP[-13]
You take 13 damage, and now have 78/129 hp.
You slash Asterion!
Asterion looks as sick as possible!
Your headbutt misses Asterion. You slash the balrug!
You open Asterion like a pillowcase!!!
Asterion looks as sick as possible!
You closely miss the balrug. Asterion closely misses you.
You furiously retaliate!
You headbutt Asterion! Asterion gores you but does no damage.
The balrug gestures at you. The bolt of fire hits you!!!
* * * LOW HITPOINT WARNING * * *
๐Ÿ˜จ HP[-37]
You take 37 damage, and now have 41/129 hp.
MASSIVE DAMAGE!! (PAUSE) Really read
v - 2 scrolls of blinking {!r}? [Y]es or [N]o only, please.
Really read
v - 2 scrolls of blinking {!r}?
Blink to where?
Press: ? - help, Dir - move target
As you read the scroll of blinking {!r}, it crumbles to dust. ๐Ÿ˜จ HP[+1] MP[+1] ๐Ÿ˜จ HP[+1] ๐Ÿ˜จ HP[+1] MP[+1]
The balrug looks more healthy. ๐Ÿ˜จ HP[+1] Asterion conjures a destructive force in the name of Makhleb!
The fireball explodes!
The fireball engulfs you!!
* * * LOW HITPOINT WARNING * * *
๐Ÿ˜ฑ HP[-32]
You take 32 damage, and now have 13/129 hp.
MASSIVE DAMAGE!! (PAUSE)
You feel much better.
You block Asterion's attack. ๐Ÿ˜จ HP[+23]
You regained 23 hp, and now have 36/129 hp.
As you read the scroll of teleportation {@r4}, it crumbles to dust.
You feel strangely unstable.
Asterion conjures a destructive force in the name of Makhleb!
The bolt of negative energy hits you!!!
You feel drained.
You die...

Skill      XL: |  1  2  3  4  5  6  7  8  9 10 11 12 13 14 |
---------------+-------------------------------------------+-----
Slings         | 1 2 3 4 5 6 7 8 |  8.0
Armour         | 4 5 6 7 8 9 10 11 12 13 | 13.6
Fighting       | 4 5 6 7 8 9 10 11 12 13 | 13.6
Shields        | 4 5 6 7 8 |  8.0
Maces & Flails | 3 4 5 6 7 8 9 10 11 | 11.7
Axes           | 2 4 5 7 9 10 | 10.2
Invocations    | 1 3 4 6 7 8 10 | 10.0
Dodging        | 1 3 5 7 8 |  8.3
Crossbows      | 1 4 7 10 | 10.0
Polearms       | 1 |  1.8
Staves         | 1 |  1.7

Action                   |  1- 3 |  4- 6 |  7- 9 | 10-12 | 13-15 || total
-------------------------+-------+-------+-------+-------+-------++-------
Melee: Flail             |    55 |       |       |     2 |       ||    57
       Headbutt          |    10 |    18 |    40 |   113 |    99 ||   280
       Club              |       |   118 |   258 |   152 |     8 ||   536
       War axe           |       |       |       |   287 |   363 ||   650
       Mace              |       |       |       |    18 |       ||    18
       Eveningstar       |       |       |       |       |     4 ||     4
 Fire: Hunting sling     |       |       |       |   168 |    63 ||   231
       Hand crossbow     |       |       |       |       |   472 ||   472
Throw: Dart              |       |     5 |     8 |    29 |    10 ||    52
Invok: Heroism           |       |       |     1 |     3 |     2 ||     6
       Finesse           |       |       |       |     3 |     7 ||    10
  Use: Scroll            |       |       |     2 |    15 |    10 ||    27
       Potion            |       |       |       |     4 |     1 ||     5
 Stab: Distracted        |       |       |     3 |     3 |       ||     6
Armor: Scale mail        |    16 |    44 |    53 |   126 |       ||   239
       Ring mail         |       |       |       |     5 |     9 ||    14
       Crystal plate arm |       |       |       |       |   196 ||   196
Dodge: Dodged            |    36 |    70 |    97 |   270 |   165 ||   638
Block: Buckler           |    10 |    24 |   106 |   235 |   276 ||   651
       Reflection        |       |       |     6 |     7 |     7 ||    20

Levels and vault maps discovered:
D:1:      eino_arrival_cavern_d, layout_rooms
D:2:      layout_basic, basic_altar, uniq_crazy_yiuf_cottage, uniq_jessica
D:3:      minmay_roachtagon, layout_basic, uniq_ijyb
D:4:      layout_cave_pools, tgw_xom, serial_forest,
          infiniplex_forest_lined_room_3, infiniplex_forest_clump_tiny,
          infiniplex_forest_corner_1, infiniplex_forest_lined_2,
          infiniplex_forest_3_way, infiniplex_forest_clump_long,
          infiniplex_forest_straight_5, infiniplex_forest_lined_ring, uniq_robin
D:5:      layout_basic, mainiacjoe_overflow_concentric_impassable, minitemple,
          serial_shops, shop_fountains, kennysheep_generic_room_14
D:6:      layout_basic, minmay_temple_entry_poolview, minmay_misc_feat_rugged,
          minmay_shop_grid_forest
D:7:      layout_loops_ring, corner_web_ring
D:8:      layout_layer_cave, uniq_pikel
D:9:      kennysheep_spiral_hall, layout_rooms, serial_shops,
          nicolae_lakefront_shop
D:10:     layout_basic, minivault_27, nicolae_twisting_strands, uniq_josephine
D:11:     layout_roguey, grunt_lair_entry_orc_guard_hut,
          minmay_orc_entry_temple_small, minmay_misc_feat_more_columns
D:12:     layout_basic, serial_aquarium, aquarium_bridge_island_small
          [aquarium_subvault_small_open, aquarium_subvault_wall,
          aquarium_subvault_wall, aquarium_subvault_bridge,
          aquarium_subvault_wall], aquarium_bridge_straight
          [aquarium_subvault_bridge, aquarium_subvault_balcony,
          aquarium_subvault_bridge, aquarium_subvault_window],
          aquarium_window_corner, aquarium_window_fake, aquarium_window_1,
          aquarium_view_2d, aquarium_view_2a, aquarium_balcony_1b,
          aquarium_pool_1
Temple:   minmay_temple_bridge_abc
Lair:1:   layout_chaotic_city
Lair:2:   layout_roguey, palyth_hydra_swamp_entry, guppyfry_snake_entry_island,
          chequers_serial_rivers_marsh, evilmike_ambush
          [evilmike_ambush_outer_basic, evilmike_ambush_inner_cross]
Lair:3:   layout_cave_pods, uniq_urug, uniq_gastronok
Lair:4:   layout_cave_shapes, portal_ice_cave_entry_imps
Lair:5:   minmay_lair_venomous_thicket, layout_gridlike, slime_altar_1,
          uniq_nessos, uniq_rupert
Lair:6:   minmay_lair_end_frog_pond, layout_cellular_growth,
          ebering_ghost_disaster_area, uniq_kirke
Snake:1:  layout_onion, nicolae_take_the_stairs, uniq_aizul, uniq_asterion
Orc:1:    layout_caves, serial_shops, shop, lemuel_statue_altar, uniq_jorgrun,
          uniq_nergalle
Orc:2:    st_orc_town, layout_diamond_mine, minmay_orc_temple_b

Notes
Turn   | Place    | Note
-------+----------+-------------------------------------------
     0 | D:1      | AmazingTV the Minotaur Fighter began the quest for the Orb.
     0 | D:1      | Reached XP level 1. HP: 19/19 MP: 0/0
     0 | D:1      | magus.rc [v1.9.6]
   200 | D:1      | Reached XP level 2. HP: 27/27 MP: 1/1
   533 | D:2      | Reached skill level 1 in Slings
   533 | D:2      | Reached skill level 4 in Armour
   533 | D:2      | Reached XP level 3. HP: 33/33 MP: 2/2
   542 | D:2      | Reached skill level 4 in Fighting
   542 | D:2      | Reached skill level 4 in Shields
   583 | D:2      | Reached skill level 3 in Maces & Flails
   767 | D:2      | Noticed Jessica
   770 | D:2      | Killed Jessica
   771 | D:2      | Reached XP level 4. HP: 40/40 MP: 3/3
   825 | D:2      | Found a basalt altar of Yredelemnul.
  1068 | D:2      | Found a runed translucent door.
  1069 | D:2      | Noticed Crazy Yiuf
  1081 | D:2      | Killed Crazy Yiuf
  1705 | D:3      | Noticed Ijyb
  1711 | D:3      | Killed Ijyb
  1712 | D:3      | Reached skill level 2 in Slings
  1712 | D:3      | Reached XP level 5. HP: 45/47 MP: 4/4
  2154 | D:3      | HP: 8/47 [something/magic dart (7)]
  2413 | D:3      | Reached skill level 4 in Maces & Flails
  2646 | D:3      | Reached XP level 6. HP: 55/55 MP: 5/5
  2766 | D:4      | Noticed Robin
  2786 | D:4      | Killed Robin
  2807 | D:4      | Reached skill level 5 in Fighting
  3057 | D:4      | Reached skill level 5 in Armour
  3180 | D:4      | Reached skill level 3 in Slings
  3180 | D:4      | Reached skill level 5 in Shields
  3350 | D:4      | Reached XP level 7. HP: 57/61 MP: 6/6
  3532 | D:4      | Found a shimmering altar of Xom.
  3593 | D:5      | Entered Level 5 of the Dungeon
  3623 | D:5      | Found a shadowy altar of Dithmenos.
  3640 | D:5      | Reached skill level 5 in Maces & Flails
  3644 | D:5      | Found a sacrificial altar of Ru.
  3644 | D:5      | Found a glowing silver altar of Zin.
  3645 | D:5      | Found a burning altar of Makhleb.
  3646 | D:5      | Found a hide-covered altar of Uskayaw.
  3647 | D:5      | Found a glowing golden altar of the Shining One.
  3648 | D:5      | Found a blossoming altar of Fedhas.
  3649 | D:5      | Found a stormy altar of Qazlal.
  3754 | D:5      | Reached skill level 6 in Fighting
  3754 | D:5      | Reached skill level 4 in Slings
  3926 | D:5      | Reached skill level 6 in Armour
  3926 | D:5      | Reached skill level 6 in Shields
  4111 | D:5      | Reached XP level 8. HP: 70/70 MP: 7/7
  4300 | D:5      | Found an ancient bone altar of Kikubaaqudgha.
  4354 | D:5      | Found Gysi's Antique Armour Shop.
  4362 | D:5      | Bought a runed cloak for 187 gold pieces
  4497 | D:6      | Found a staircase to the Ecumenical Temple.
  4601 | Temple   | Entered the Ecumenical Temple
  4801 | Temple   | Became a worshipper of Warmaster Okawaru
  4948 | D:6      | Found Suptush's Distillery.
  4952 | D:6      | Found Ybublezu's Armour Shop.
  4957 | D:6      | Found Diotimol's Magic Scroll Shop.
  4958 | D:6      | Found Azirirph's Antique Armour Shop.
  5047 | D:6      | Reached skill level 6 in Maces & Flails
  5946 | D:7      | Reached skill level 1 in Axes
  5946 | D:7      | Reached skill level 5 in Slings
  6081 | D:7      | Reached * piety under Okawaru
  6082 | D:7      | Reached skill level 1 in Invocations
  6108 | D:7      | Reached skill level 7 in Fighting
  6113 | D:7      | Reached skill level 7 in Shields
  6117 | D:7      | Reached skill level 2 in Axes
  6117 | D:7      | Reached skill level 7 in Armour
  6141 | D:7      | Reached XP level 9. HP: 67/79 MP: 6/9
  6626 | D:7      | Reached skill level 2 in Invocations
  7259 | D:8      | Noticed a two-headed ogre
  7266 | D:8      | Killed a two-headed ogre
  7266 | D:8      | Reached ** piety under Okawaru
  7267 | D:8      | Reached skill level 3 in Axes
  7267 | D:8      | Reached skill level 7 in Maces & Flails
  7384 | D:8      | Reached skill level 6 in Slings
  7542 | D:8      | Reached skill level 3 in Invocations
  8057 | D:8      | Reached skill level 8 in Fighting
  8057 | D:8      | Reached skill level 4 in Axes
  8068 | D:8      | Reached skill level 8 in Armour
  8088 | D:8      | Noticed Pikel
  8090 | D:8      | Reached *** piety under Okawaru
  8091 | D:8      | Reached skill level 1 in Dodging
  8101 | D:8      | Killed Pikel
  8102 | D:8      | Reached skill level 8 in Shields
  8102 | D:8      | Reached XP level 10. HP: 76/88 MP: 11/11
  9043 | D:9      | Reached **** piety under Okawaru
  9043 | D:9      | Received a gift from Okawaru
  9044 | D:9      | Reached skill level 2 in Dodging
  9048 | D:9      | Reached skill level 8 in Maces & Flails
  9109 | D:9      | Reached skill level 4 in Invocations
  9111 | D:9      | Reached skill level 5 in Axes
  9131 | D:9      | You pick up a book of Callings and begin reading...
  9144 | D:9      | Noticed a cyclops
  9161 | D:9      | Killed a cyclops
  9165 | D:9      | Reached skill level 7 in Slings
  9179 | D:9      | Reached skill level 3 in Dodging
  9489 | D:9      | Noticed a two-headed ogre
  9498 | D:9      | Killed a two-headed ogre
  9499 | D:9      | Reached skill level 9 in Armour
  9841 | D:9      | Found Oxzob's Assorted Antiques.
  9951 | D:10     | Entered Level 10 of the Dungeon
  9981 | D:10     | Received a gift from Okawaru
  9982 | D:10     | Reached skill level 9 in Fighting
 10319 | D:10     | Reached XP level 11. HP: 97/97 MP: 13/13
 10430 | D:10     | Noticed a two-headed ogre
 10440 | D:10     | Killed a two-headed ogre
 10441 | D:10     | Reached skill level 6 in Axes
 10925 | D:10     | Reached skill level 4 in Dodging
 10925 | D:10     | Reached skill level 5 in Invocations
 11015 | D:10     | Noticed Josephine
 11032 | D:10     | Killed Josephine
 11032 | D:10     | Reached ***** piety under Okawaru
 11035 | D:10     | HP: 23/92 [wraith[Josephine] (5)]
 11040 | D:10     | Received a gift from Okawaru
 11041 | D:10     | Reached skill level 9 in Maces & Flails
 11799 | D:10     | Noticed a two-headed ogre
 11829 | D:10     | Killed a two-headed ogre
 11829 | D:10     | Received a gift from Okawaru
 12370 | D:11     | Reached skill level 8 in Slings
 12382 | D:11     | Identified the +0 cloak of Bidueg {Will+}
 12396 | D:11     | Found a staircase to the Lair.
 12537 | D:11     | Found a staircase to the Orcish Mines.
 12546 | D:11     | You pick up a book of Spectacle and begin reading...
 12546 | D:11     | You add the spells Dazzling Flash, Iskenderun's Mystic
                  | Blast and Starburst to your library.
 12548 | D:11     | Identified the +1 leather armour "Dossio" {Int+3}
 12752 | D:11     | Received a gift from Okawaru
 12919 | D:11     | Noticed a two-headed ogre
 12931 | D:11     | Killed a two-headed ogre
 12991 | D:12     | Noticed a two-headed ogre
 13004 | D:12     | Reached skill level 5 in Dodging
 13009 | D:12     | Killed a two-headed ogre
 13009 | D:12     | Received a gift from Okawaru
 13010 | D:12     | Reached skill level 7 in Axes
 13022 | D:12     | Reached skill level 10 in Armour
 13109 | D:12     | Reached skill level 10 in Fighting
 13274 | D:12     | Noticed a two-headed ogre
 13288 | D:12     | Killed a two-headed ogre
 13289 | D:12     | Reached skill level 6 in Invocations
 13384 | D:12     | Noticed a sea snake
 13395 | D:12     | Noticed an eight-headed hydra
 13402 | D:12     | HP: 20/99 [eight-headed hydra (8)]
 13801 | Lair:1   | Entered Level 1 of the Lair of Beasts
 14007 | Lair:1   | Reached skill level 1 in Crossbows
 14118 | Lair:1   | Found the +7 staff of the Meek {protect, meekguard}
 14249 | Lair:1   | Received a gift from Okawaru
 14250 | Lair:1   | Reached XP level 12. HP: 106/106 MP: 15/15
 14369 | Lair:1   | Reached skill level 10 in Maces & Flails
 14782 | Lair:2   | Identified the +8 long sword of Punishment {protect,
                  | *Corrode +Blink rElec Str+2} (Okawaru gifted it to you on
                  | level 2 of the Lair of Beasts)
 14782 | Lair:2   | Received a gift from Okawaru
 14783 | Lair:2   | Reached skill level 2 in Crossbows
 14988 | Lair:2   | Reached skill level 6 in Dodging
 15004 | Lair:2   | Noticed a four-headed hydra
 15015 | Lair:2   | Killed a four-headed hydra
 15016 | Lair:2   | Reached skill level 8 in Axes
 15272 | Lair:2   | You pick up a book of Rime and begin reading...
 15272 | Lair:2   | You add the spells Frozen Ramparts and Ice Form to your
                  | library.
 15319 | Lair:2   | Found a staircase to the Snake Pit.
 15474 | Lair:2   | You pick up a book of the Tundra and begin reading...
 15537 | Lair:2   | Reached skill level 3 in Crossbows
 15918 | Lair:2   | Noticed a five-headed hydra
 15931 | Lair:2   | Killed a five-headed hydra
 16155 | Lair:2   | Noticed a seven-headed hydra
 16158 | Lair:2   | Noticed an eight-headed hydra
 16165 | Lair:2   | HP: 25/108 [eight-headed hydra (7)]
 16165 | Lair:2   | HP: 9/108 [eight-headed hydra (9)]
 16193 | Lair:2   | Received a gift from Okawaru
 16499 | Lair:2   | Reached skill level 7 in Invocations
 16552 | Lair:2   | Killed an eight-headed hydra
 16647 | Lair:2   | Killed an eight-headed hydra
 16647 | Lair:2   | Identified the +1 pair of gloves of the Planets {Drain
                  | rCorr Dex+7} (Okawaru gifted it to you on level 2 of the
                  | Lair of Beasts)
 16647 | Lair:2   | Received a gift from Okawaru
 16648 | Lair:2   | Reached skill level 11 in Armour
 16824 | Lair:2   | Found a staircase to the Swamp.
 17280 | Lair:3   | Noticed Gastronok
 17298 | Lair:3   | Killed Gastronok
 17299 | Lair:3   | Reached skill level 11 in Fighting
 17299 | Lair:3   | Reached skill level 4 in Crossbows
 17569 | Lair:3   | Reached skill level 7 in Dodging
 17590 | Lair:3   | Noticed a six-headed hydra
 17609 | Lair:3   | Killed a six-headed hydra
 17610 | Lair:3   | Reached skill level 9 in Axes
 17864 | Lair:3   | Noticed Urug
 17888 | Lair:3   | Killed Urug
 18393 | Lair:3   | Noticed an eight-headed hydra
 18403 | Lair:3   | Killed an eight-headed hydra
 18404 | Lair:3   | Reached XP level 13. HP: 84/116 MP: 17/17
 18683 | Lair:3   | Identified the ring "Xioken" {Fly rPois Int-5 Dex-3 SInv}
 18939 | Lair:3   | Reached skill level 11 in Maces & Flails
 19282 | Lair:4   | Identified the +6 trident of the Lost Eyes {speed, Int+4
                  | Dex-5 SInv}
 19289 | Lair:4   | Found a frozen archway.
 19322 | IceCv    | Entered an ice cave
 19678 | IceCv    | Reached skill level 5 in Crossbows
 19695 | IceCv    | Identified a +2 crystal plate armour of cold resistance
 20763 | IceCv    | Identified the +11 hand crossbow of Tiqeud {penet, Int+4}
 21021 | Lair:4   | Reached skill level 8 in Invocations
 21021 | Lair:4   | Received a gift from Okawaru
 21515 | Lair:4   | magus.rc [v1.9.6]
 21553 | Lair:5   | Found a staircase to the Slime Pits.
 21553 | Lair:5   | Found a viscous altar of Jiyva.
 21565 | Lair:5   | Reached skill level 8 in Dodging
 21639 | Lair:5   | Noticed Nessos
 21652 | Lair:5   | Killed Nessos
 21770 | Lair:5   | Reached skill level 10 in Axes
 21770 | Lair:5   | Reached skill level 6 in Crossbows
 21906 | Lair:5   | Noticed Rupert
 21931 | Lair:5   | HP: 15/117 [Rupert (22)]
 22338 | Lair:5   | Received a gift from Okawaru
 22541 | Lair:5   | Reached skill level 12 in Armour
 22579 | Lair:5   | Reached skill level 12 in Fighting
 22942 | Lair:5   | Killed Rupert
 23440 | Lair:6   | Entered Level 6 of the Lair of Beasts
 23451 | Lair:6   | Received a gift from Okawaru
 23583 | Lair:6   | Noticed Kirke
 23592 | Lair:6   | Reached skill level 1 in Polearms
 23592 | Lair:6   | Reached skill level 1 in Staves
 23596 | Lair:6   | Killed Kirke
 23597 | Lair:6   | Reached skill level 7 in Crossbows
 23673 | Lair:6   | Reached XP level 14. HP: 116/126 MP: 19/19
 23678 | Lair:6   | Received a gift from Okawaru
 23824 | Lair:6   | Identified the +3 leather armour of the Realm of Zot {Harm
                  | rF- Regen+ Str-3}
 24062 | Lair:6   | Identified the +3 halberd of Tension {speed, Drain Dex+5}
 24111 | Lair:6   | Reached skill level 8 in Crossbows
 24559 | Lair:6   | Reached skill level 9 in Invocations
 24786 | Lair:6   | Reached ****** piety under Okawaru
 24983 | Lair:6   | Found a large runed translucent door.
 24983 | Lair:6   | Found a large runed translucent door.
 24987 | Lair:6   | Noticed Razfen's ghost (journeyman GnWn)
 25253 | Orc:1    | Entered Level 1 of the Orcish Mines
 25313 | Orc:1    | Identified the +10 great mace of Abackiw {venom, Will+
                  | Dex+2} (Okawaru gifted it to you on level 1 of the Orcish
                  | Mines)
 25313 | Orc:1    | Received a gift from Okawaru
 25330 | Orc:1    | Noticed Jorgrun
 25356 | Orc:1    | Killed Jorgrun
 25357 | Orc:1    | Reached skill level 9 in Crossbows
 25397 | Orc:1    | Reached skill level 13 in Armour
 25490 | Orc:1    | Noticed Nergalle
 25499 | Orc:1    | Killed Nergalle
 25500 | Orc:1    | Reached skill level 13 in Fighting
 25574 | Orc:1    | Paralysed by an orc sorcerer for 7 turns
 25734 | Orc:1    | Found Zattod's General Store.
 26017 | Orc:2    | Entered Level 2 of the Orcish Mines
 26175 | Orc:2    | Found a staircase to the Elven Halls.
 26692 | Orc:2    | Received a gift from Okawaru
 26713 | Orc:2    | Reached skill level 10 in Crossbows
 26880 | Orc:2    | Found Jeghe's Jewellery Shop.
 26880 | Orc:2    | Found Asmiuk Noik's General Store.
 26899 | Orc:2    | Bought a scroll of identify for 28 gold pieces
 27019 | Orc:2    | Found Mocyxza's General Store.
 27215 | Orc:2    | Found Lent's Distillery.
 27329 | Orc:2    | Bought a potion of curing for 39 gold pieces
 27329 | Orc:2    | Bought a potion of might for 52 gold pieces
 27329 | Orc:2    | Bought a potion of berserk rage for 65 gold pieces
 27329 | Orc:2    | Bought a potion of heal wounds for 65 gold pieces
 28102 | Snake:1  | Entered Level 1 of the Snake Pit
 28174 | Snake:1  | Reached skill level 10 in Invocations
 28232 | Snake:1  | Found Aqukkon's Antique Armour Boutique.
 28308 | Snake:1  | You pick up a book of the Dragon and begin reading...
 28308 | Snake:1  | You add the spells Cause Fear and Dragon Form to your
                  | library.
 28331 | Snake:1  | Noticed Asterion
 28338 | Snake:1  | Noticed a balrug
 28354 | Snake:1  | HP: 13/129 [Asterion/fireball (32)]
 28356 | Snake:1  | Killed from afar by Asterion

Vanquished Creatures
  Jorgrun (Orc:1)
  Rupert (Lair:5)
  Gastronok (Lair:3)
  Kirke (Lair:6)
  Nessos (Lair:5)
  Josephine (D:10)
  An ettin (Orc:1)
  10 hydras
  7 two-headed ogres
  2 anacondas (Snake:1)
  A death yak (Lair:4)
  An orc high priest (Orc:1)
  Urug (Lair:3)
  Nergalle (Orc:1)
  A goliath frog (Lair:6)
  2 bog bodies (IceCv)
  Pikel (D:8)
  3 orc sorcerers (Orc:1)
  7 orc knights (Orc:2)
  A cyclops (D:9)
  12 black mambas
  An ice statue (IceCv)
  A torpor snail (Lair:4)
  25 cane toads
  3 kobold demonologists
  A gargoyle (D:12)
  A rime drake (Lair:6)
  9 komodo dragons
  An anaconda simulacrum (IceCv)
  2 ice devils (IceCv)
  2 entropy weaver simulacra (IceCv)
  2 burning bushes (Lair:2)
  2 hornets
  A polar bear (Lair:2)
  2 trolls (Orc:1)
  4 tyrant leeches
  21 blink frogs
  2 shadows
  2 wyverns
  2 dire elephant simulacra (IceCv)
  4 wraiths (D:10)
  3 hogs (Lair:6)
  5 basilisks
  2 steam dragons
  4 humans (Lair:6)
  33 yaks
  5 vampire mosquitoes (Lair:6)
  An acid dragon (D:12)
  5 wargs
  2 nagas
  4 swamp worms (Lair:2)
  14 water moccasins
  3 black bears
  3 ice beasts
  35 orc warriors
  2 sky beasts
  9 ogres
  2 centaurs
  3 lemures (D:8)
  5 kobold brigands
  8 two-headed ogre simulacra (IceCv)
  2 gnoll sergeants (D:11)
  A wyvern zombie (D:9)
  19 bullfrogs
  2 cane toad simulacra (IceCv)
  An elephant simulacrum (IceCv)
  4 wights (D:7)
  8 killer bees
  4 electric eels
  A howler monkey (D:10)
  3 centaur zombies
  A centaur skeleton (D:7)
  A gnoll shaman (D:9)
  11 orc priests
  Crazy Yiuf (D:2)
  2 bullfrog skeletons (D:5)
  3 iguanas
  Ijyb (D:3)
  Jessica (D:2)
  11 orc wizards
  5 polar bear simulacra (IceCv)
  4 spriggan simulacra (IceCv)
  3 troll simulacra (IceCv)
  A wolf simulacrum (IceCv)
  A killer bee zombie (D:8)
  Robin (D:4)
  14 gnolls
  16 adders
  6 naga simulacra (IceCv)
  3 shadow imps
  17 white imps
  6 ufetubi (IceCv)
  An adder skeleton (D:4)
  3 dart slugs
  73 orcs
  5 ball pythons
  6 endoplasms
  17 giant cockroaches
  9 hobgoblins
  5 quokkas
  A bat (D:1)
  5 frilled lizards
  18 goblins
  18 kobolds
  4 rats
  A bush (Lair:5)
613 creatures vanquished.

Vanquished Creatures (others)
  56 fungi
  180 plants
236 creatures vanquished.

Grand Total: 849 creatures vanquished

Table legend:
 A = Non-vault XP
 B = Vault XP
 C = Vault XP percentage of total XP
 D = Non-vault monster count
 E = Vault monster count
 F = Vault count percentage of total count
                 A         B        C        D         E       F
            +---------+---------+-------+---------+---------+-------
      Total |   57168 |   43299 |  43.1 |     344 |     261 |  43.1
            +---------+---------+-------+---------+---------+-------
        D:1 |      27 |       0 |   0.0 |      14 |       0 |   0.0
        D:2 |      49 |      76 |  60.8 |      14 |       2 |  12.5
        D:3 |     170 |      58 |  25.4 |      22 |      11 |  33.3
        D:4 |     327 |      80 |  19.7 |      17 |      21 |  55.3
        D:5 |     757 |      39 |   4.9 |      12 |       1 |   7.7
        D:6 |     364 |       0 |   0.0 |       7 |       0 |   0.0
        D:7 |    1540 |       0 |   0.0 |      24 |       0 |   0.0
        D:8 |    2299 |     617 |  21.2 |      23 |       1 |   4.2
        D:9 |    2521 |     908 |  26.5 |      23 |       4 |  14.8
       D:10 |    3604 |    1749 |  32.7 |      20 |       5 |  20.0
       D:11 |    1320 |     790 |  37.4 |      11 |      14 |  56.0
       D:12 |    2820 |       0 |   0.0 |       7 |       0 |   0.0
     Lair:1 |    3798 |       0 |   0.0 |      15 |       0 |   0.0
     Lair:2 |    4979 |    4222 |  45.9 |      13 |      12 |  48.0
     Lair:3 |    4871 |    2258 |  31.7 |      14 |       2 |  12.5
     Lair:4 |    5520 |     122 |   2.2 |      23 |      12 |  34.3
     Lair:5 |    4701 |    4184 |  47.1 |      15 |      13 |  46.4
     Lair:6 |    6778 |   11943 |  63.8 |      20 |      40 |  66.7
    Snake:1 |    4470 |       0 |   0.0 |       9 |       0 |   0.0
      Orc:1 |    4865 |    2694 |  35.6 |      18 |       2 |  10.0
      Orc:2 |    1388 |    8171 |  85.5 |      23 |      71 |  75.5
      IceCv |       0 |    5388 | 100.0 |       0 |      50 | 100.0
            +---------+---------+-------+---------+---------+-------

Illustrated notes

Table legend:
 A = Kills in this place as a percentage of kills in entire the game.
 B = Kills by you in this place as a percentage of kills by you in the entire game.
 C = Kills by friends in this place as a percentage of kills by friends in the entire game.
 D = Other kills in this place as a percentage of other kills in the entire game.
 E = Experience gained in this place as a percentage of experience gained in the entire game.
 F = Experience gained in this place divided by the number of levels of this place that you have seen.
                   A       B       C       D       E      F
               +-------+-------+-------+-------+-------+----------------------
         Total | 100.0 | 100.0 |   N/A |   N/A | 100.0 | 4368.1
       Dungeon |  41.8 |  41.8 |   N/A |   N/A |  20.0 | 1676.2
          Lair |  29.6 |  29.6 |   N/A |   N/A |  53.1 | 8896.0
     Snake Pit |   1.5 |   1.5 |   N/A |   N/A |   4.4 | 4470.0
  Orcish Mines |  18.8 |  18.8 |   N/A |   N/A |  17.0 | 8559.0
      Ice Cave |   8.3 |   8.3 |   N/A |   N/A |   5.4 | 5388.0
               +-------+-------+-------+-------+-------+----------------------

Table legend: (Time is in decaauts)
 A = Elapsed time spent in this place.
 B = Non-inter-level travel time spent in this place.
 C = Inter-level travel time spent in this place.
 D = Time resting spent in this place.
 E = Time spent auto-exploring this place.
 F = Levels seen in this place.
 G = Mean time per level.
                   A        B        C        D        E       F      G
               +--------+--------+--------+--------+--------+-----+--------+
         Total |  28368 |  27188 |   1180 |   8411 |  14088 |  23 | 1233.4 |
       Dungeon |  13615 |  13181 |    434 |   3504 |   7872 |  12 | 1134.6 |
        Temple |    237 |    201 |     36 |      0 |    191 |   1 |  237.0 |
          Lair |   9830 |   9378 |    452 |   3234 |   4559 |   6 | 1638.3 |
     Snake Pit |    249 |    249 |      0 |     38 |    128 |   1 |  249.0 |
  Orcish Mines |   2781 |   2525 |    256 |    842 |   1195 |   2 | 1390.5 |
      Ice Cave |   1653 |   1653 |      0 |    793 |    143 |   1 | 1653.0 |
               +--------+--------+--------+--------+--------+-----+--------+

Top non-repeatable levels by time:
  Lair:2: 2307 daAuts
    D:10: 2305 daAuts
  Lair:3: 2166 daAuts
   Orc:2: 1922 daAuts
  Lair:5: 1903 daAuts
  Lair:6: 1778 daAuts
   IceCv: 1653 daAuts
     D:8: 1492 daAuts
     D:7: 1401 daAuts
     D:3: 1305 daAuts
     D:9: 1190 daAuts
    D:11: 1146 daAuts
     D:6: 1128 daAuts
  Lair:1: 985 daAuts
     D:2: 918 daAuts
